 Dungeon Crawl Stone Soup version 0.16-a0-3841-g2612308 (webtiles) character file.

288 HungrySamMD the Cudgeler (level 6, -1/53 HPs)
             Began as an Ogre Enchanter on Jan 30, 2015.
             Was an Initiate of Yredelemnul.
             Slain by an orc wizard
             ... wielding a +0 dagger
              (4 damage)
             ... on level 4 of the Dungeon.
             The game lasted 00:10:30 (4171 turns).

HungrySamMD the Cudgeler (Ogre Enchanter)           Turns: 4171, Time: 00:10:32

Health: -1/53      AC:  4    Str: 21    XL:     6   Next: 31%
Magic:  12/12      EV: 10    Int: 14    God:    Yredelemnul [......]
Gold:   120        SH:  0    Dex: 10    Spells: 3 memorised, 5 levels left

rFire  . . .     SeeInvis .     x - +6 dire flail
rCold  . . .     Clarity  .     b - +1 robe
rNeg   . . .     SustAb   .     (shield restricted)
rPois  .         Gourm    .     (helmet restricted)
rElec  .         Spirit   .     (no cloak)
rCorr  .         Warding  .     (gloves unavailable)
rMut   .         Stasis   .     (boots unavailable)
MR     .....                    (no amulet)
Stlth  ++........               (no ring)
                                (no ring)

@: mighty, slowed, very slow, not resistant to hostile enchantments, unstealthy
A: unfitting armour, tough skin 1
a: Renounce Religion


You were on level 4 of the Dungeon.
You worshipped Yredelemnul.
Yredelemnul was noncommittal.
You were hungry.

You visited 1 branch of the dungeon, and saw 4 of its levels.

You collected 120 gold pieces.

Inventory:

Hand weapons
 x - a +6 dire flail (weapon)
Armour
 b - a +1 robe (worn)
Magical staves
 a - an uncursed staff of death
Jewellery
 j - an uncursed ring of magical power {unknown}
Magical devices
 k - a wand of cold (2)
 w - a wand of enslavement (10)
Scrolls
 e - 3 scrolls of remove curse
Potions
 d - a potion of haste
 f - a potion of berserk rage
 g - a potion of invisibility
 h - 2 potions of curing
 l - a potion of might
 m - a potion of magic
 p - 2 potions of cancellation
 q - a potion of lignification {unknown}
 r - a potion of restore abilities {unknown}
Books
 c - a book of Maledictions

   Spells                             Type                      Level
   a - Corona                         Hexes                        1
   b - Sure Blade                     Hexes/Charms                 2
   c - Ensorcelled Hibernation        Hexes/Ice                    2
   d - Confuse                        Hexes                        3
   e - Dazzling Spray                 Conjuration/Hexes            3
   f - Enslavement                    Hexes                        4
Comestibles
 i - a meat ration
 u - a beef jerky
 v - a bread ration


   Skills:
   Level 1.0 Short Blades
 * Level 6.0 Maces & Flails
 - Level 1.7 Dodging
 - Level 2.4 Stealth
 - Level 3.0 Spellcasting
 - Level 3.2 Hexes
 - Level 0.1 Ice Magic


You had 5 spell levels left.
You knew the following spells:

 Your Spells              Type           Power        Failure   Level  Hunger
a - Corona                Hex            ##.....      6%          1    #......
b - Ensorcelled Hibernat  Hex/Ice        #.....       21%         2    ##.....
c - Confuse               Hex            ##......     17%         3    ###....


Dungeon Overview and Level Annotations

Branches:
Dungeon (4/15)
 Temple: D:4-7

Altars:
Yredelemnul


Innate Abilities, Weirdness & Mutations

You are too large for most types of armour.
You have tough skin (AC +1).


Message History

Your Maces & Flails skill increases to level 6!
You hear some strange, mumbled words.
The magic dart hits you!
* * * LOW HITPOINT WARNING * * *
Something hits you but does no damage.
You miss something. Something hits you.
* * * LOW HITPOINT WARNING * * *
You completely miss something. Something hits you.
* * * LOW HITPOINT WARNING * * *
Something hits you but does no damage.
Unknown command.
You sock something!
Unknown command.
You closely miss something.
You hear some strange, mumbled words.
The puff of flame hits you!
* * * LOW HITPOINT WARNING * * *
Something hits you.
You die...
Your body rises from the dead as a mindless zombie.

##.# #.# #. #... #.#
#. #..# #.# #.## #..#
#.# #... ###..#####.#
##.. #### ..........#
#.# ..... #.>#
#..#####.#
#...###..####........#
#.)@)....รท..........
#...###.#####.########
##. #.# #.# .. ... ..#
.. ##### #### #


There were no monsters in sight!

Vanquished Creatures
  An ogre (D:4)
  An orc priest (D:4)
  2 orc wizards (D:4)
  A worker ant (D:4)
  Ijyb (D:2)
  3 worms (D:3)
  A giant gecko (D:2)
  An orc (D:3)
  2 ball pythons
  5 giant cockroaches
  10 hobgoblins
  A quokka (D:2)
  7 bats
  6 giant newts
  9 goblins
  9 kobolds
  7 rats
67 creatures vanquished.

Notes
Turn   | Place    | Note
--------------------------------------------------------------
     0 | D:1      | HungrySamMD, the Ogre Enchanter, began the quest for the Orb.
     0 | D:1      | Reached XP level 1. HP: 16/16 MP: 3/3
   314 | D:1      | Reached XP level 2. HP: 18/24 MP: 5/5
   319 | D:1      | Reached skill level 3 in Spellcasting
   406 | D:1      | Learned a level 2 spell: Ensorcelled Hibernation
  1035 | D:1      | You fall through a shaft!
  1058 | D:2      | Reached skill level 1 in Short Blades
  1276 | D:2      | Reached XP level 3. HP: 31/31 MP: 7/7
  1304 | D:2      | Noticed Ijyb
  1316 | D:2      | Killed Ijyb
  1796 | D:3      | Learned a level 3 spell: Confuse
  2098 | D:3      | Noticed a sky beast
  2701 | D:3      | Reached XP level 4. HP: 11/39 MP: 2/9
  2726 | D:3      | Reached skill level 1 in Maces & Flails
  3638 | D:4      | Found a basalt altar of Yredelemnul.
  3648 | D:4      | Became a worshipper of Yredelemnul the Dark
  3712 | D:4      | Reached XP level 5. HP: 19/45 MP: 11/11
  3867 | D:4      | Noticed an ogre
  3872 | D:4      | HP: 2/45 [ogre/giant club (24)]
  3873 | D:4      | Killed an ogre
  3873 | D:4      | Reached skill level 4 in Maces & Flails
  4151 | D:4      | Reached skill level 5 in Maces & Flails
  4151 | D:4      | Reached XP level 6. HP: 18/53 MP: 12/12
  4167 | D:4      | Reached skill level 6 in Maces & Flails
  4171 | D:4      | Slain by an orc wizard

Action                   |  1- 3 |  4- 6 || total
-------------------------+-------+-------++-------
Melee: Short sword       |    95 |       ||    95
       Dagger            |     7 |       ||     7
       Mace              |    44 |    78 ||   122
       Dire flail        |       |    42 ||    42
 Cast: Ensorcelled Hiber |     7 |       ||     7
       Confuse           |     3 |     3 ||     6
       Corona            |     1 |       ||     1
  Use: Scroll            |       |    17 ||    17
       Potion            |       |     3 ||     3
 Stab: Sleeping          |     7 |     1 ||     8
       Distracted        |       |     1 ||     1
  Eat: Meat ration       |     1 |       ||     1
       Chunk             |       |     6 ||     6
